 Dungeon Crawl Stone Soup version 0.30-a0-634-g8abc85282e (webtiles) character file.

Game seed: 11505546257383279678

3622 bmack86 the Cleaver (level 9, -15/80 HPs)
             Began as a Minotaur Fighter on Jan 15, 2023.
             Was a Believer of Okawaru.
             Killed from afar by Erica (18 damage)
             ... with a lance of force
             ... on level 8 of the Dungeon.
             The game lasted 00:16:12 (6689 turns).

bmack86 the Cleaver (Minotaur Fighter)              Turns: 6689, Time: 00:16:13

Health: -15/80     AC: 15    Str: 26    XL:     9   Next: 87%
Magic:  11/11      EV: 22    Int: 11    God:    Okawaru [**....]
Gold:   434        SH:  0    Dex: 17    Spells: 8/8 levels left

rFire   . . .      SeeInvis .    a - +0 war axe (elec)
rCold   . . .      Faith    .    c - +0 buckler
rNeg    . . .      Spirit   .    f - +0 plate armour
rPois   +          Reflect  .    (helmet restricted)
rElec   .          Harm     .    (no cloak)
rCorr   .          Rampage  .    h - +1 pair of gloves
Will    .....                    (no boots) Stlth
                                 n - amulet of the acrobat
HPRegen 0.33/turn                r - +6 ring of dexterity
MPRegen 0.12/turn                B - ring "Wibb" {rPois Int+6 Dex+2}

@: confused, lethally poisoned (-15 -> -18), acrobatic
A: horns 2, retaliatory headbutt
a: Renounce Religion, Heroism


You were on level 8 of the Dungeon.
You worshipped Okawaru.
Okawaru was pleased with you.
You visited 2 branches of the dungeon, and saw 9 of its levels.

You collected 434 gold pieces.

Inventory:

Hand Weapons
 a - a +0 war axe of electrocution (weapon)
Missiles
 t - 3 poisoned darts (quivered)
 u - 3 throwing nets
Armour
 c - a +0 buckler (worn)
 f - a +0 plate armour (worn)
 h - a +1 pair of gloves (worn)
 y - a scarf of shadows
Jewellery
 n - an amulet of the acrobat (around neck)
 r - a +6 ring of dexterity (left hand)
 w - a +6 ring of intelligence
 x - an amulet of magic regeneration
 B - the ring "Wibb" (right hand) {rPois Int+6 Dex+2}
   (You found it on level 8 of the Dungeon)

   [ring of intelligence]

   Int:       It affects your intelligence (+6).
   Dex:       It affects your dexterity (+2).
   rPois:     It protects you from poison.
Wands
 s - a wand of mindburst (9)
 v - a wand of quicksilver (7)
 z - a wand of paralysis (10)
Scrolls
 b - a scroll of amnesia
 p - 3 scrolls of teleportation
 A - a scroll of identify
 C - a scroll of blinking {unknown}
Potions
 d - 2 potions of might
 e - 3 potions of curing
 g - 2 potions of flight
 i - a potion of magic
 j - 3 potions of haste
 k - a potion of lignification
 l - a potion of heal wounds
 m - a potion of cancellation
 o - a potion of ambrosia
 q - a potion of brilliance


   Skills:
 + Level 7.7 Fighting
 * Level 9.8 Axes
 + Level 4.8 Throwing
 + Level 7.7 Armour
 + Level 7.5 Shields
 + Level 4.1 Invocations


You had 8 spell levels left.
You didn't know any spells.
Your spell library contained the following spells:

 Spells                   Type           Power      Damage    Failure   Level
 Magic Dart               Conj           0%         1d3       99%         1
 Sting                    Tmut/Pois      0%         1d3       99%         1
 Cigotuvi's Dreadful Rot  Necr/Pois/Air  0%         N/A       100%        2
 Poisonous Vapours        Pois/Air       0%         N/A       100%        2
 Searing Ray              Conj           0%         2d4       100%        2
 Dazzling Flash           Conj/Hex       0%         N/A       100%        3
 Gell's Gravitas          Tloc           0%         N/A       100%        3
 Lesser Beckoning         Tloc           0%         N/A       100%        3
 Mephitic Cloud           Conj/Pois/Air  0%         N/A       100%        3
 Stone Arrow              Conj/Erth      0%         3d7       100%        3
 Teleport Other           Tloc           0%         N/A       100%        3
 Fulminant Prism          Conj/Hex       0%         3d5       100%        4
 Olgreb's Toxic Radiance  Pois           0%         N/A       100%        4
 Agony                    Necr           0%         N/A       100%        5
 Silence                  Hex/Air        0%         N/A       100%        5
 Lehudib's Crystal Spear  Conj/Erth      0%         10d2      100%        8
 Animate Armour           Summ/Erth      Unusable   N/A       N/A         4

Dungeon Overview and Level Annotations

Branches:
Dungeon (8/15)             Temple (1/1) D:5
   Lair: D:8-11

Altars:
Ashenzari
Cheibriados
Dithmenos
Gozag
Hepliaklqana
Kikubaaqudgha
Makhleb
Nemelex Xobeh
Okawaru
Qazlal
Ru
Sif Muna
Trog
Uskayaw
Vehumet
Wu Jian
Xom
Yredelemnul
Zin
The Shining One

Shops:
D:1 (   D:4 (   D:6 *

Annotations:
D:8 Erica


Innate Abilities, Weirdness & Mutations

You have a pair of horns on your head.
You reflexively headbutt those who attack you in melee.


Message History

You hit Erica but do no damage.
Erica is lightly wounded.
Erica points at you and mumbles some strange words.
The bolt of poison hits you.
You are poisoned.
You resist.
You slash Erica!
Erica is lightly wounded.
You feel very sick.
Erica points at you and mumbles some strange words.
The lance of force hits you!
You hit Erica.
Erica is moderately wounded.
You feel very sick.
Erica hits you with a +3 scimitar of flaming!
Erica burns you.
You closely miss Erica.
Erica is moderately wounded.
You feel very sick. Erica completely misses you.
You hit Erica but do no damage. Lightning courses through Erica!!
Erica is heavily wounded.
You feel sick. Erica casts a spell at you.
You are confused.
You miss Erica. Your headbutt misses Erica.
Erica is heavily wounded.
You feel sick. Erica casts a spell at you. The lance of force hits you!!
* * * LOW HITPOINT WARNING * * *
You barely miss Erica. You headbutt Erica.
Erica is heavily wounded.
* * * LOW HITPOINT WARNING * * *
You feel sick. Erica hits you but does no damage.
* * * LOW HITPOINT WARNING * * *
You feel sick. Erica casts a spell at you. The lance of force hits you!!
You die...

.#.#### #^ #.##.#
.#.# ##.##.##.#
##.# #...#.)..#
..# #####..#..###
## #.....(...#
#.######.##
####.###........#
.(..(.@...#######
####.###@.# #..#
.#.# ..#.# ...+.#
....### #....
##...


You could see Erica (poisoned).

Vanquished Creatures
  A hornet (D:7)
  Sigmund (D:6)
  Eustachio (D:6)
  A steam dragon (D:8)
  A water moccasin (D:6)
  An orc warrior (D:8)
  3 black bears
  2 ice beasts (D:5)
  3 ogres
  2 centaurs
  A phantom (D:4)
  A gnoll sergeant (D:7)
  A bullfrog (D:7)
  4 scorpions (D:6)
  4 wights (D:7)
  9 killer bees
  2 jellies
  A hound (D:5)
  3 orc priests
  Jessica (D:3)
  8 orc wizards
  Ijyb (D:4)
  7 iguanas
  14 gnolls
  8 adders
  A worm (D:2)
  3 dart slugs (D:1)
  17 orcs
  10 endoplasms
  4 giant cockroaches
  7 goblins
  7 hobgoblins
  2 jackals (D:2)
  9 kobolds
  5 quokkas
  5 ball pythons
  8 bats
  2 frilled lizards
  3 rats
164 creatures vanquished.

Vanquished Creatures (others)
  4 fungi (D:2)
  4 plants (D:2)
8 creatures vanquished.

Grand Total: 172 creatures vanquished

Notes
Turn   | Place    | Note
-------+----------+-------------------------------------------
     0 | D:1      | bmack86 the Minotaur Fighter began the quest for the Orb.
     0 | D:1      | Reached XP level 1. HP: 19/19 MP: 0/0
   137 | D:1      | Reached XP level 2. HP: 20/27 MP: 1/1
   238 | D:1      | Reached skill level 3 in Axes
   295 | D:1      | Found Duter's Antique Weapon Shoppe.
   628 | D:1      | Reached XP level 3. HP: 33/33 MP: 2/2
  1318 | D:2      | Reached XP level 4. HP: 40/40 MP: 3/3
  1573 | D:2      | Found a faded altar of an unknown god.
  1652 | D:3      | Noticed Jessica
  1662 | D:3      | Reached skill level 4 in Axes
  1666 | D:3      | Killed Jessica
  1780 | D:3      | Reached XP level 5. HP: 39/47 MP: 4/4
  2083 | D:3      | Found a white marble altar of Elyvilon.
  2085 | D:3      | Found a bloodstained altar of Trog.
  2085 | D:3      | Found a hazy altar of Hepliaklqana.
  2087 | D:3      | Found a sacrificial altar of Ru.
  2087 | D:3      | Found a hazy altar of Hepliaklqana.
  2087 | D:3      | Found a shimmering altar of Xom.
  2367 | D:3      | Reached skill level 5 in Axes
  2819 | D:4      | Reached XP level 6. HP: 51/55 MP: 5/5
  2881 | D:4      | Reached skill level 5 in Fighting
  2881 | D:4      | Reached skill level 1 in Throwing
  2881 | D:4      | Reached skill level 5 in Armour
  2982 | D:4      | Found Voennish's Weapon Shoppe.
  3070 | D:4      | Reached skill level 5 in Shields
  3109 | D:4      | Noticed Ijyb
  3119 | D:4      | Killed Ijyb
  3358 | D:5      | Entered Level 5 of the Dungeon
  3480 | D:5      | Found a broken altar of Ashenzari.
  3483 | D:5      | Noticed an ice beast
  3492 | D:5      | Killed an ice beast
  3493 | D:5      | Reached skill level 6 in Axes
  3493 | D:5      | Reached XP level 7. HP: 45/61 MP: 6/6
  3593 | D:5      | Found a staircase to the Ecumenical Temple.
  3602 | Temple   | Entered the Ecumenical Temple
  3631 | Temple   | Became a worshipper of Warmaster Okawaru
  3734 | D:5      | Found a stormy altar of Qazlal.
  4017 | D:6      | Noticed Eustachio
  4030 | D:6      | Reached skill level 1 in Invocations
  4036 | D:6      | Noticed Sigmund
  4041 | D:6      | Killed Eustachio
  4041 | D:6      | Reached * piety under Okawaru
  4042 | D:6      | Reached skill level 7 in Axes
  4042 | D:6      | Reached XP level 8. HP: 54/70 MP: 6/8
  4045 | D:6      | Killed Sigmund
  4240 | D:6      | Found a basalt altar of Yredelemnul.
  4430 | D:6      | Found Nubrismo's Assorted Antiques.
  4448 | D:6      | Found a hide-covered altar of Uskayaw.
  4449 | D:6      | Noticed a +0 hand axe
  4449 | D:6      | Noticed a +0 dagger
  4452 | D:6      | Found a shimmering blue altar of Sif Muna.
  4540 | D:6      | Reached ** piety under Okawaru
  4776 | D:6      | Reached skill level 8 in Axes
  4897 | D:7      | Reached XP level 9. HP: 71/78 MP: 7/10
  4910 | D:7      | Found a bloodstained altar of Trog.
  4910 | D:7      | Found a hazy altar of Hepliaklqana.
  4974 | D:7      | Found a sparkling altar of Nemelex Xobeh.
  5604 | D:7      | Reached skill level 9 in Axes
  5873 | D:7      | Paralysed by a hornet for 3 turns
  6297 | D:8      | Identified the +6 short sword of Wariness {freeze, rN+}
  6307 | D:8      | Identified the ring "Wibb" {rPois Int+6 Dex+2}
  6675 | D:8      | Noticed Erica
  6687 | D:8      | HP: 4/80 [Erica/lance of force (28)]
  6689 | D:8      | Killed from afar by Erica

Illustrated notes

Levels and vault maps discovered:
D:1:      minmay_arrival_diagonal_passages, layout_basic, serial_shops,
          nicolae_shop_hallway_stairs, minmay_3d_cube
D:2:      minmay_angry_zag, layout_basic,
          shapermc_ecumenical_altar_mp_urbaneastern
D:3:      layout_basic, doesnt_xom_only_xom, uniq_jessica
D:4:      layout_cave_pools, serial_shops, shop, uniq_ijyb
D:5:      layout_cave_pools, mainiacjoe_overflow_cross_hatched,
          ashenzari_conservatory_becter, minmay_temple_entry_tees
D:6:      layout_rooms, dancing_weapons_uskayaw, nicolae_sif_muna_condensation,
          nicolae_overflow_crystal_walls, nicolae_inconvenience_store,
          grunt_tough_drop, uniq_sigmund, uniq_eustachio
D:7:      black_bear_nest_2, layout_basic, mainiacjoe_overflow_alcove_2,
          amethyst_overflow_temple_binary, minmay_misc_feat_x
D:8:      layout_basic, ebering_dispersal_statue_hall,
          minmay_misc_feat_enclosed, uniq_erica
Temple:   minmay_freezing_vapour_temple

Skill      XL: |  1  2  3  4  5  6  7  8  9 |
---------------+----------------------------+-----
Axes           | 3 4 5 6 7 8 9 |  9.8
Armour         | 4 5 6 7 |  7.7
Shields        | 4 5 6 7 |  7.5
Fighting       | 4 5 6 7 |  7.7
Throwing       | 1 2 3 4 |  4.8
Invocations    | 1 2 4 |  4.1

Action                   |  1- 3 |  4- 6 |  7- 9 || total
-------------------------+-------+-------+-------++-------
Melee: War axe           |   103 |   134 |   176 ||   413
       Headbutt          |     7 |    11 |    29 ||    47
Throw: Dart              |       |       |     8 ||     8
Invok: Heroism           |       |       |     3 ||     3
  Use: Scroll            |     3 |     7 |     6 ||    16
Armor: Plate armour      |   101 |   101 |   124 ||   326
       Scale mail        |     1 |       |       ||     1
Dodge: Dodged            |    37 |    40 |    94 ||   171
Block: Buckler           |    32 |    21 |    62 ||   115

Table legend: (Time is in decaauts)
 A = Elapsed time spent in this place.
 B = Non-inter-level travel time spent in this place.
 C = Inter-level travel time spent in this place.
 D = Time resting spent in this place.
 E = Time spent auto-exploring this place.
 F = Levels seen in this place.
 G = Mean time per level.
                   A        B        C        D        E       F      G
               +--------+--------+--------+--------+--------+-----+--------+
         Total |   6787 |   6651 |    136 |    325 |   4322 |   9 |  754.1 |
       Dungeon |   6751 |   6615 |    136 |    325 |   4322 |   8 |  843.9 |
        Temple |     36 |     36 |      0 |      0 |      0 |   1 |   36.0 |
               +--------+--------+--------+--------+--------+-----+--------+

Top non-repeatable levels by time:
     D:7: 1406 daAuts
     D:3: 1213 daAuts
     D:1: 999 daAuts
     D:6: 835 daAuts
     D:2: 664 daAuts
     D:5: 633 daAuts
     D:4: 556 daAuts
     D:8: 442 daAuts
  Temple: 36 daAuts
